| TOP OF THE 1ST |
|
Reading Fightin Phils batting - Pitching for Pensacola Blue Wahoos : RHP Kevin Nabity
|
|
Pitching: RHP Kevin Nabity
|
|
|
Batting: RHB Matt Strong
|
0-0: Ball 1-0: Ball 2-0: Called Strike 2-1: Ball 3-1: Foul Ball, location: 2F 3-2: Foul Ball, location: 2F 3-2: Base on Balls
|
|
Batting: LHB Danny Hill
|
0-0: Called Strike 0-1: Ball 1-1: Fielders Choice at 2nd, 4-6 (Groundball, 4, EV 81.2 MPH)
|
|
Batting: RHB Austin Wiebe
|
0-0: Ball Danny Hill is caught stealing 2nd base 2-4 1-0: Ball 2-0: Ground out 5-3 (Groundball, 56, EV 101.2 MPH)
|
| Top of the 1st over - 0 runs, 0 hits, 0 errors, 0 left on base; Reading 0 - Pensacola 0 |
| BOTTOM OF THE 1ST |
|
Pensacola Blue Wahoos batting - Pitching for Reading Fightin Phils : RHP Jaylen Johnson
|
|
Pitching: RHP Jaylen Johnson
|
|
|
Batting: RHB Solange Le Coq
|
0-0: Ground out 6-3 (Groundball, 56, EV 98.1 MPH)
|
|
Batting: RHB Tim Wormell
|
0-0: Ball 1-0: Called Strike 1-1: Foul Ball, location: 2F 1-2: SINGLE (Groundball, 4MD, EV 100.0 MPH)
|
|
Batting: LHB Steven Wamble
|
0-0: Called Strike Tim Wormell steals 2nd, throwing error, E2 Tim Wormell to third 0-1: Called Strike 0-2: Ball 1-2: Ball 2-2: Strikes out looking
|
|
Batting: RHB Jason Harris
|
0-0: Ball 1-0: Ball 2-0: DOUBLE (Line Drive, 7LS, EV 90.6 MPH) Tim Wormell scores
|
|
Batting: RHB Jon Marquez
|
0-0: Called Strike 0-1: Ball 1-1: Foul Ball, location: 2F 1-2: Foul Ball, location: 2F 1-2: Ground out 5-3 (Groundball, 56S, EV 73.1 MPH)
|
| Bottom of the 1st over - 1 run, 2 hits, 1 error, 1 left on base; Reading 0 - Pensacola 1 |
| TOP OF THE 2ND |
|
Reading Fightin Phils batting - Pitching for Pensacola Blue Wahoos : RHP Kevin Nabity
|
|
Batting: LHB Chris Fandino
|
0-0: Ground out 5-3 (Groundball, 5L, EV 81.9 MPH)
|
|
Batting: LHB Darrell Ortega
|
0-0: Called Strike 0-1: Ground out 3-1 (Groundball, 34S, EV 83.8 MPH)
|
|
Batting: RHB Kory Sanchez
|
0-0: Called Strike 0-1: Called Strike 0-2: Ball 1-2: Ball 2-2: Ball 3-2: Fly out, F6 (Line Drive, 6, EV 68.8 MPH)
|
| Top of the 2nd over - 0 runs, 0 hits, 0 errors, 0 left on base; Reading 0 - Pensacola 1 |
| BOTTOM OF THE 2ND |
|
Pensacola Blue Wahoos batting - Pitching for Reading Fightin Phils : RHP Jaylen Johnson
|
|
Batting: RHB Pedro Pinero
|
0-0: Ball 1-0: Ball 2-0: Ball 3-0: Base on Balls
|
|
Batting: RHB Danny Powell
|
0-0: Ball 1-0: Foul Ball, location: 2F 1-1: Foul Ball, location: 2F 1-2: Grounds out, U3 (Groundball, 3L, EV 110.6 MPH)
|
|
Batting: RHB Chris Holland
|
0-0: Ball 1-0: Called Strike Pedro Pinero steals 3rd base 1-1: Foul Ball, location: 2F 1-2: Fly out, F8 (Line Drive, 8LD, EV 100.0 MPH) Runner from 3rd tags up, SCORES, throw by CF
|
|
Batting: RHB Chae-seong Lee
|
0-0: Ball 1-0: Swinging Strike 1-1: Foul Ball, location: 2F 1-2: Foul Ball, location: 2F 1-2: Ball 2-2: Ball 3-2: Foul Ball, location: 2F 3-2: Foul Ball, location: 2F 3-2: Strikes out looking
|
| Bottom of the 2nd over - 1 run, 0 hits, 0 errors, 0 left on base; Reading 0 - Pensacola 2 |
| TOP OF THE 3RD |
|
Reading Fightin Phils batting - Pitching for Pensacola Blue Wahoos : RHP Kevin Nabity
|
|
Batting: RHB Fletcher Easter
|
0-0: Foul Ball, location: 2F 0-1: Foul Ball, location: 2F 0-2: Ball 1-2: Ball 2-2: Ball 3-2: Ground out 1-3 (Groundball, 13S, EV 71.2 MPH)
|
|
Batting: LHB Jose Fierro
|
0-0: Called Strike 0-1: Ball 1-1: Ball 2-1: SINGLE (Groundball, 4MD, EV 106.2 MPH)
|
|
Batting: RHB Gary Hills
|
0-0: Ball 1-0: Fly out, F7 (Flyball, 7LM, EV 98.1 MPH)
|
|
Batting: RHB Matt Strong
|
0-0: Fly out, F5 (Line Drive, 5, EV 68.1 MPH)
|
| Top of the 3rd over - 0 runs, 1 hit, 0 errors, 1 left on base; Reading 0 - Pensacola 2 |
| BOTTOM OF THE 3RD |
|
Pensacola Blue Wahoos batting - Pitching for Reading Fightin Phils : RHP Jaylen Johnson
|
|
Batting: RHB Solange Le Coq
|
0-0: Foul Ball, location: 2F 0-1: Foul Ball, location: 2F 0-2: Foul Ball, location: 2F 0-2: Ball 1-2: Fly out, F4 (Flyball, 34D, EV 93.8 MPH)
|
|
Batting: RHB Tim Wormell
|
0-0: Called Strike 0-1: Foul Ball, location: 2F 0-2: Foul Ball, location: 2F 0-2: Ball 1-2: Ground out 4-3 (Groundball, 4, EV 81.9 MPH)
|
|
Batting: LHB Steven Wamble
|
0-0: Ball 1-0: SINGLE (Groundball, 4D, EV 103.1 MPH)
|
|
Batting: RHB Jason Harris
|
0-0: Ball 1-0: Ball 2-0: Ball 3-0: Called Strike 3-1: Fielders Choice at 2nd, 6-4 (Groundball, 6, EV 84.4 MPH)
|
| Bottom of the 3rd over - 0 runs, 1 hit, 0 errors, 1 left on base; Reading 0 - Pensacola 2 |
| TOP OF THE 4TH |
|
Reading Fightin Phils batting - Pitching for Pensacola Blue Wahoos : RHP Kevin Nabity
|
|
Batting: LHB Danny Hill
|
0-0: Called Strike 0-1: Foul Ball, location: 2F 0-2: Ball 1-2: Foul Ball, location: 2F 1-2: Ball 2-2: Foul Ball, location: 2F 2-2: DOUBLE (Line Drive, 78M, EV 104.4 MPH)
|
|
Batting: RHB Austin Wiebe
|
0-0: Ball 1-0: Ball 2-0: Called Strike 2-1: Ball 3-1: Ground out U3 (Groundball, 3, EV 80.0 MPH) Danny Hill to third
|
|
Batting: LHB Chris Fandino
|
0-0: Ball 1-0: Called Strike 1-1: Ball Wild Pitch! Danny Hill scores 2-1: SINGLE (Groundball, 6D, EV 96.9 MPH)
|
|
Batting: LHB Darrell Ortega
|
0-0: Ball 1-0: Called Strike 1-1: SINGLE (Line Drive, 9LS, EV 98.8 MPH) Chris Fandino to second
|
|
Batting: RHB Kory Sanchez
|
0-0: Called Strike 0-1: Ball 1-1: Swinging Strike 1-2: Grounds into double play, 6-4-3 (Groundball, 6, EV 107.5 MPH)
|
| Top of the 4th over - 1 run, 3 hits, 0 errors, 1 left on base; Reading 1 - Pensacola 2 |
| BOTTOM OF THE 4TH |
|
Pensacola Blue Wahoos batting - Pitching for Reading Fightin Phils : RHP Jaylen Johnson
|
|
Batting: RHB Jon Marquez
|
0-0: Ball 1-0: Swinging Strike 1-1: Ground out 4-3 (Groundball, 4, EV 81.2 MPH)
|
|
Batting: RHB Pedro Pinero
|
0-0: Ball 1-0: Foul Ball, location: 2F 1-1: Swinging Strike 1-2: Ball 2-2: Ground out 3-1 (Groundball, 34S, EV 61.9 MPH)
|
|
Batting: RHB Danny Powell
|
0-0: Called Strike 0-1: Ground out 5-3 (Groundball, 56, EV 78.1 MPH)
|
| Bottom of the 4th over - 0 runs, 0 hits, 0 errors, 0 left on base; Reading 1 - Pensacola 2 |
| TOP OF THE 5TH |
|
Reading Fightin Phils batting - Pitching for Pensacola Blue Wahoos : RHP Kevin Nabity
|
|
Batting: RHB Fletcher Easter
|
0-0: Ball 1-0: Ball 2-0: Called Strike 2-1: Ball 3-1: Ground out 6-3 (Groundball, 6, EV 83.8 MPH)
|
|
Batting: LHB Jose Fierro
|
0-0: Ball 1-0: Ball 2-0: Foul Ball, location: 2F 2-1: Foul Ball, location: 2F 2-2: Foul Ball, location: 2F 2-2: Ground out 1-3 (Groundball, 15S, EV 69.4 MPH)
|
|
Batting: RHB Gary Hills
|
0-0: Ball 1-0: DOUBLE (Line Drive, 89D, EV 101.9 MPH)
|
|
Batting: RHB Matt Strong
|
0-0: Ball 1-0: Ball 2-0: Ground out 4-3 (Groundball, 4M, EV 91.2 MPH)
|
| Top of the 5th over - 0 runs, 1 hit, 0 errors, 1 left on base; Reading 1 - Pensacola 2 |
| BOTTOM OF THE 5TH |
|
Pensacola Blue Wahoos batting - Pitching for Reading Fightin Phils : RHP Jaylen Johnson
|
|
Batting: RHB Chris Holland
|
0-0: Called Strike 0-1: Ball 1-1: Ball 2-1: Fly out, F1 (Line Drive, P, EV 61.2 MPH)
|
|
Batting: RHB Chae-seong Lee
|
0-0: Called Strike 0-1: Called Strike 0-2: Ball 1-2: Strikes out swinging
|
|
Batting: RHB Solange Le Coq
|
0-0: Ball 1-0: Ball 2-0: Called Strike 2-1: Called Strike 2-2: Strikes out swinging
|
| Bottom of the 5th over - 0 runs, 0 hits, 0 errors, 0 left on base; Reading 1 - Pensacola 2 |
| TOP OF THE 6TH |
|
Reading Fightin Phils batting - Pitching for Pensacola Blue Wahoos : RHP Kevin Nabity
|
|
Batting: LHB Danny Hill
|
0-0: Foul Ball, location: 2F 0-1: Ball 1-1: SINGLE (Groundball, 6M, EV 94.4 MPH)
|
|
Batting: RHB Austin Wiebe
|
0-0: Ball 1-0: Called Strike 1-1: Foul Ball, location: 2F 1-2: Ball 2-2: Ground out 6-3 (Groundball, P, EV 95.6 MPH) Danny Hill to second
|
|
Batting: LHB Chris Fandino
|
0-0: Ball 1-0: DOUBLE (Groundball, 3L, EV 101.2 MPH) Danny Hill scores
|
|
Batting: LHB Darrell Ortega
|
0-0: Intentional Walk
|
|
Batting: RHB Kory Sanchez
|
0-0: Ball 1-0: Fly out, F9 (Flyball, 9D, EV 89.4 MPH) Runner from 2nd tags up, SAFE at 3rd, no throw by RF
|
|
Batting: RHB Fletcher Easter
|
0-0: SINGLE (Flyball, 6MD, EV 88.1 MPH) Chris Fandino scores Darrell Ortega to second Runner from 2nd tries for 3rd, SAFE, throw by CF made to third
|
|
Batting: LHB Jose Fierro
|
0-0: Ball 1-0: Foul Ball, location: 2F 1-1: Foul Ball, location: 2F 1-2: Ball 2-2: Ball 3-2: Base on Balls Fletcher Easter to second
|
|
Batting: RHB Gary Hills
|
0-0: Ball 1-0: SINGLE (Flyball, 4D, EV 96.9 MPH) Darrell Ortega scores Fletcher Easter to third Jose Fierro to second Runner from 3rd tries for Home, SAFE, throw by RF to home
|
|
Pitching: RHP Chris Stewart
|
|
|
Batting: RHB Matt Strong
|
0-0: Foul Ball, location: 2F 0-1: Ball 1-1: Foul Ball, location: 2F 1-2: Ground out 4-3 (Groundball, 4, EV 85.0 MPH)
|
| Top of the 6th over - 4 runs, 4 hits, 0 errors, 2 left on base; Reading 5 - Pensacola 2 |
| BOTTOM OF THE 6TH |
|
Pensacola Blue Wahoos batting - Pitching for Reading Fightin Phils : RHP Jaylen Johnson
|
|
Batting: RHB Tim Wormell
|
0-0: Called Strike 0-1: Foul Ball, location: 2F 0-2: Fly out, F9 (Flyball, 9D, EV 90.0 MPH)
|
|
Batting: LHB Steven Wamble
|
0-0: Foul Ball, location: 2F 0-1: Ball 1-1: Ball 2-1: Ball 3-1: SINGLE (Line Drive, 78M, EV 87.5 MPH)
|
|
Batting: RHB Jason Harris
|
0-0: Called Strike 0-1: Ball 1-1: Ball 2-1: Fly out, F9 (Flyball, 9D, EV 100.6 MPH)
|
|
Batting: RHB Jon Marquez
|
0-0: Called Strike 0-1: Foul Ball, location: 2F 0-2: Ball 1-2: SINGLE (Groundball, 34D, EV 105.6 MPH) Steven Wamble to second Runner from 2nd tries for 3rd, SAFE, no throw by RF
|
|
Batting: RHB Pedro Pinero
|
0-0: SINGLE (Flyball, 34D, EV 87.5 MPH) Steven Wamble scores Jon Marquez to second Runner from 2nd tries for 3rd, SAFE, throw by RF made to third
|
|
Batting: RHB Danny Powell
|
0-0: Called Strike 0-1: Called Strike 0-2: Ball 1-2: Ball 2-2: Fly out, F9 (Flyball, 9LM, EV 86.2 MPH)
|
| Bottom of the 6th over - 1 run, 3 hits, 0 errors, 2 left on base; Reading 5 - Pensacola 3 |
| TOP OF THE 7TH |
|
Reading Fightin Phils batting - Pitching for Pensacola Blue Wahoos : RHP Chris Stewart
|
|
Batting: LHB Danny Hill
|
0-0: Called Strike 0-1: Ball 1-1: Foul Ball, location: 2F 1-2: Ball 2-2: Fly out, F9 (Flyball, 9S, EV 78.8 MPH)
|
|
Batting: RHB Austin Wiebe
|
0-0: Ball 1-0: Called Strike 1-1: Ball 2-1: Ball 3-1: Base on Balls
|
|
Batting: LHB Chris Fandino
|
0-0: Swinging Strike 0-1: Swinging Strike 0-2: Hit by Pitch Austin Wiebe to second
|
|
Batting: LHB Darrell Ortega
|
0-0: Ball 1-0: Foul Ball, location: 2F 1-1: Ball 2-1: Swinging Strike 2-2: Foul Ball, location: 2F 2-2: Strikes out swinging
|
|
Batting: RHB Kory Sanchez
|
0-0: Foul Ball, location: 2F 0-1: Ground out U3 (Groundball, 3S, EV 85.6 MPH)
|
| Top of the 7th over - 0 runs, 0 hits, 0 errors, 2 left on base; Reading 5 - Pensacola 3 |
| BOTTOM OF THE 7TH |
|
Pensacola Blue Wahoos batting - Pitching for Reading Fightin Phils : RHP Jaylen Johnson
|
|
Pitching: LHP Josh Turner
|
|
|
Batting: RHB Chris Holland
|
0-0: SOLO HOME RUN (Flyball, 89XD, EV 109.4 MPH), Distance : 406 ft
|
|
Batting: RHB Chae-seong Lee
|
0-0: Ball 1-0: Fly out, F8 (Line Drive, 8RD, EV 89.4 MPH)
|
|
Batting: RHB Solange Le Coq
|
0-0: Called Strike 0-1: Ball 1-1: Fly out, F7 (Flyball, 7, EV 92.5 MPH)
|
|
Batting: RHB Tim Wormell
|
0-0: Ball 1-0: Ball 2-0: Swinging Strike 2-1: Fly out, F6 (Flyball, 56D, EV 80.6 MPH)
|
| Bottom of the 7th over - 1 run, 1 hit, 0 errors, 0 left on base; Reading 5 - Pensacola 4 |
| TOP OF THE 8TH |
|
Reading Fightin Phils batting - Pitching for Pensacola Blue Wahoos : RHP Chris Stewart
|
|
Pitching: RHP Brad Barnhart
|
|
|
Batting: RHB Fletcher Easter
|
0-0: Ball 1-0: Fly out, F5 (Popup, 5S, EV 78.8 MPH)
|
|
Batting: LHB Jose Fierro
|
0-0: Ball 1-0: Ball 2-0: Called Strike 2-1: Ball 3-1: Ground out 5-3 (Groundball, 5, EV 103.1 MPH)
|
|
Batting: RHB Gary Hills
|
0-0: Ball 1-0: Called Strike 1-1: Ball 2-1: Called Strike 2-2: Ball 3-2: Fly out, F9 (Flyball, 89D, EV 95.6 MPH)
|
| Top of the 8th over - 0 runs, 0 hits, 0 errors, 0 left on base; Reading 5 - Pensacola 4 |
| BOTTOM OF THE 8TH |
|
Pensacola Blue Wahoos batting - Pitching for Reading Fightin Phils : LHP Josh Turner
|
|
Pitching: RHP Clarros Pedrogo
|
|
|
Batting: LHB Steven Wamble
|
0-0: SINGLE (Line Drive, 7S, EV 103.8 MPH)
|
|
Batting: RHB Jason Harris
|
0-0: Called Strike 0-1: SINGLE (Line Drive, 56, EV 93.8 MPH) Steven Wamble to second
|
|
Batting: RHB Jon Marquez
|
0-0: Ball 1-0: Swinging Strike 1-1: SINGLE (Line Drive, 9LS, EV 106.9 MPH) Steven Wamble to third Jason Harris to second
|
|
Batting: RHB Pedro Pinero
|
0-0: Called Strike 0-1: SINGLE (Flyball, 4D, EV 86.9 MPH) Steven Wamble scores Jason Harris to third Jon Marquez to second
|
|
Batting: RHB Danny Powell
|
0-0: Foul Ball, location: 2F 0-1: Ball 1-1: Called Strike 1-2: Fly out, F9 (Line Drive, 9D, EV 95.6 MPH) Runner from 3rd tags up, SCORES, no throw by RF Jon Marquez to third
|
|
Batting: RHB Chris Holland
|
0-0: Ball 1-0: Foul Ball, location: 2F 1-1: Foul Ball, location: 2F 1-2: Ball Pedro Pinero steals 2nd base 2-2: Ball 3-2: Intentional Walk
|
|
Batting: RHB Chae-seong Lee
|
0-0: Called Strike 0-1: Swinging Strike 0-2: Strikes out looking
|
|
Batting: RHB Solange Le Coq
|
0-0: Fielders Choice at 2nd, 5-4 (Groundball, 5, EV 82.5 MPH)
|
| Bottom of the 8th over - 2 runs, 4 hits, 0 errors, 3 left on base; Reading 5 - Pensacola 6 |
| TOP OF THE 9TH |
|
Reading Fightin Phils batting - Pitching for Pensacola Blue Wahoos : RHP Brad Barnhart
|
|
Pitching: RHP Ben Jennings
|
|
|
Now at 1B: Dave Ruiz
|
|
|
Batting: RHB Matt Strong
|
0-0: Foul Ball, location: 2F 0-1: Swinging Strike 0-2: Foul Ball, location: 2F 0-2: Strikes out looking
|
|
Batting: LHB Danny Hill
|
0-0: DOUBLE (Flyball, 78D, EV 108.1 MPH)
|
|
Batting: RHB Austin Wiebe
|
0-0: Ball 1-0: Ground out 5-3 (Groundball, 56, EV 81.9 MPH)
|
|
Batting: LHB Chris Fandino
|
0-0: Fly out, F8 (Flyball, 89XD, EV 90.0 MPH)
|
| Top of the 9th over - 0 runs, 1 hit, 0 errors, 1 left on base; Reading 5 - Pensacola 6 |
|